 Dungeon Crawl Stone Soup version 0.17-a0-1133-gfb1399f (webtiles) character file.

78 Hanyuu the Insei (level 4, 28/28 HPs)
             Began as an Octopode Transmuter on May 25, 2015.
             Quit the game on level 2 of the Dungeon.
             The game lasted 00:04:24 (2224 turns).

Hanyuu the Insei (Octopode Transmuter)              Turns: 2224, Time: 00:04:25

Health: 28/28      AC:  1    Str:  9    XL:     4   Next: 36%
Magic:  7/7        EV: 12    Int: 16    God:
Gold:   51         SH:  0    Dex: 12    Spells: 3 memorised, 1 level left

rFire  . . .     SeeInvis .       - Unarmed
rCold  . . .     Clarity  .     (no shield)
rNeg   . . .     SustAt   .     n - +0 hat
rPois  .         Gourm    .     (no amulet)
rElec  .         Spirit   .     (no ring)
rCorr  .         Warding  .     (no ring)
rMut   .         Stasis   .     (no ring)
MR     .....                    (no ring)
Stlth  ++........               (no ring)
                                (no ring)
                                (no ring)
                                (no ring)

@: not resistant to hostile enchantments, unstealthy
A: almost no armour, amphibious, 8 rings, constrict 8, camouflage 1, gelatinous
body 1
a: no special abilities


You were on level 2 of the Dungeon.
You were not hungry.

You visited 1 branch of the dungeon, and saw 2 of its levels.

You collected 51 gold pieces.

Inventory:

Missiles
 a - 12 arrows
 f - 16 poisoned arrows
 g - 6 needles of sleeping
 q - 3 javelins (quivered)
 r - 2 tomahawks
Armour
 n - a +0 hat (worn)
Scrolls
 d - a scroll of amnesia {unknown}
 e - 2 scrolls of remove curse {unknown}
 h - a scroll of fog {unknown}
 j - 2 scrolls of teleportation {unknown}
 p - 3 scrolls of identify {unknown}
 s - 2 scrolls of recharging {unknown}
Potions
 m - a potion of degeneration {unknown}
 o - a potion of heal wounds {unknown}
 t - a potion of ambrosia {unknown}
Books
 b - a book of Changes

   Spells                             Type                      Level
   a - Beastly Appendage              Transmutation                1
   b - Sticks to Snakes               Transmutation                2
   c - Spider Form                    Transmutation/Poison         3
   d - Ice Form                       Ice/Transmutation            4
   e - Blade Hands                    Transmutation                5
Comestibles
 c - 4 bread rations
 i - 2 royal jellies
 k - a slice of pizza
 l - 3 fruits


   Skills:
 - Level 1.0 Fighting
 - Level 2.0 Dodging
 * Level 5.0 Unarmed Combat
 - Level 2.0 Spellcasting
 + Level 2.0 Transmutations


You had one spell level left.
You knew the following spells:

 Your Spells              Type           Power        Failure   Level  Hunger
a - Beastly Appendage     Trmt           #.....       10%         1    #......
b - Sticks to Snakes      Trmt           #.........   14%         2    ###....
c - Spider Form           Trmt/Pois      #.........   38%         3    ###....


Dungeon Overview and Level Annotations

Branches:
Dungeon (2/15)

Altars:
Xom
Yredelemnul


Innate Abilities, Weirdness & Mutations

You cannot wear most types of armour.
You are amphibious.
You can wear up to eight rings at the same time.
You can use your tentacles to constrict eight enemies at once.
Your skin changes colour to match your surroundings (Stealth).
Your rubbery body absorbs attacks (AC +1).


Message History

You constrict the kobold, but do no damage.
The kobold hits you.
You release your grip on the kobold.
You tentacle-slap the kobold. Your grab misses the kobold.
The kobold is moderately wounded.
The kobold hits you.
You closely miss the kobold. Your grab misses the kobold.
Your tentacle-slap misses the kobold.
You squeeze the kobold.
You kill the kobold!
You see here a rat corpse.
You butcher the rat corpse.
u - a chunk of flesh Eat a chunk of flesh? (ye/n/q/i?) This raw flesh tastes terrible.
You continue eating. x2
You see here 17 stones.
Found a basalt altar of Yredelemnul.
Done exploring.
Done exploring.
Are you sure you want to abandon this character and quit the game? (Confirm with "yes".)

....#.# #.# #.#
###...#####.# ##.#
# ##........# #..#
# #.######## #.##
# #.# #.# # #.#
#.# # #.# #.#
####.# #.# ...#.#
#@# #..#.# #.#
##.#.# #.# #...#
#.# ##(### #.#
#..# #.# ...# #.#
################.#
.................#


There were no monsters in sight!

Vanquished Creatures
  4 adders (D:2)
  An ooze (D:2)
  A worm (D:2)
  6 bats
  A bat skeleton (D:1)
  2 giant cockroaches (D:2)
  5 goblins
  6 hobgoblins
  2 jackals (D:1)
  4 giant newts
  3 kobolds (D:2)
  3 rats
38 creatures vanquished.

Notes
Turn   | Place    | Note
--------------------------------------------------------------
     0 | D:1      | Hanyuu the Octopode Transmuter began the quest for the Orb.
     0 | D:1      | Reached XP level 1. HP: 13/13 MP: 3/3
   150 | D:1      | Reached XP level 2. HP: 11/18 MP: 3/5
   157 | D:1      | Learned a level 2 spell: Sticks to Snakes
   992 | D:2      | Reached skill level 4 in Unarmed Combat
   992 | D:2      | Reached XP level 3. HP: 15/23 MP: 6/6
  1001 | D:1      | HP: 1/23 [poisoned by an adder]
  1209 | D:1      | Learned a level 3 spell: Spider Form
  1648 | D:2      | Reached XP level 4. HP: 20/28 MP: 5/7
  1703 | D:2      | Found a shimmering altar of Xom.
  1726 | D:2      | Reached skill level 5 in Unarmed Combat
  2149 | D:2      | Found a basalt altar of Yredelemnul.
  2224 | D:2      | Quit the game

Vault maps used:
D:1:      dpeg_arrival_prison, serial_aquarium, aquarium_bridge_straight,
          aquarium_window_3, aquarium_window_1, aquarium_window_2,
          aquarium_window_fake, aquarium_view_2c, minivault_14
D:2:      nicolae_overflow_hidden_temple, yredelemnul_altar_generic

Action                   |  1- 3 |  4- 6 || total
-------------------------+-------+-------++-------
Melee: Unarmed           |    62 |    27 ||    89
 Cast: Beastly Appendage |     3 |     1 ||     4
       Spider Form       |     1 |       ||     1
  Use: Potion            |     2 |       ||     2
 Stab: Sleeping          |     6 |     5 ||    11
  Eat: Chunk             |     2 |     2 ||     4
